[Event "Early Titled Tuesday Blitz | February 8 2022"]
[White "Samunenkov, Ihor"]
[Black "Maevsky, Nikolay"]
[WhiteFideId "14187086"]
[BlackFideId "4198220"]
[WhiteElo "2406"]
[BlackElo "2104"]
[Result "0-1"]
[Round "10"]
[TimeControl "180+1"]
[Date "2022.02.08"]
[WhiteClock "0:00:02"]
[BlackClock "0:00:09"]

1. d4 d5 2. c4 Nc6 3. Nf3 Bg4 4. cxd5 Bxf3 5. gxf3 Qxd5 6. e3 e5 7. Nc3 Bb4 8. a3 Bxc3+ 9. bxc3 Nge7 10. c4 Qd6 11. d5 Nb8 12. e4 Nd7 13. Be3 Nc5 14. Bh3 O-O 15. O-O f5 16. Rb1 b6 17. Rb5 fxe4 18. Bxc5 bxc5 19. Be6+ Kh8 20. fxe4 Ng6 21. Kh1 Rf4 22. Qe2 Raf8 23. Rb3 R4f6 24. Bg4 Nf4 25. Qd2 Rh6 26. Rg3 Rh4 27. Rfg1 Qh6 28. f3 Nh5 29. Qxh6 Nxg3+ 30. Rxg3 Rxh6 31. Rg1 Rb6 32. Kg2 Rb3 33. a4 Rb4 34. a5 Rxc4 35. Rb1 Rb4 36. Rc1 c4 37. Be6 Rfb8 38. Kg3 g5 39. Kg4 h6 40. Kf5 R8b5 41. Kxe5 Rxa5 42. Kf6 Ra3 43. e5 Rxf3+ 44. Ke7 Kg7 45. d6 cxd6 46. exd6 Rd3 47. d7 Rb7 48. Rxc4 a5 49. Ke8 Rb4 50. Re4 Rxe4 0-1


[Site "https://www.chess.com"]

[Event "Early Titled Tuesday Blitz | February 8 2022"]
[White "Saravana, Krishnan P."]
[Black "Arabidze, Meri"]
[WhiteFideId "5018382"]
[BlackFideId "13604040"]
[WhiteElo "2210"]
[BlackElo "2329"]
[Result "0-1"]
[Round "10"]
[TimeControl "180+1"]
[Date "2022.02.08"]
[WhiteClock "0:00:16"]
[BlackClock "0:00:15"]

1. d4 d5 2. c4 e6 3. Nf3 Nf6 4. Nc3 Nbd7 5. Bg5 Be7 6. e3 h6 7. Bh4 O-O 8. Qc2 c5 9. cxd5 Nxd5 10. Bxe7 Qxe7 11. Be2 Nxc3 12. bxc3 b6 13. O-O Bb7 14. a4 Nf6 15. a5 Be4 16. Qa2 Qb7 17. Rfd1 Rfd8 18. Ne1 Bd5 19. c4 Bc6 20. dxc5 bxc5 21. Qa3 Rdc8 22. f3 e5 23. e4 Nd7 24. Nd3 f6 25. Rab1 Qa6 26. Bf1 Kh7 27. Nxc5 Nxc5 28. Qxc5 Bxe4 29. Qe7 Bxb1 30. Rxb1 Qxa5 31. Qf7 Qc5+ 32. Kh1 e4 33. Rb7 Qf8 34. Qd5 Re8 35. Qf5+ Kh8 36. fxe4 Re5 37. Qf2 a5 38. Rc7 a4 39. c5 a3 40. Bc4 Qd8 41. Rf7 Qd1+ 42. Bf1 a2 43. Rxf6 Qxf1+ 44. Qxf1 a1=Q 45. Rf8+ Kh7 46. Rxa8 Qxf1# 0-1


[Site "https://www.chess.com"]

[Event "Early Titled Tuesday Blitz | February 8 2022"]
[White "Sarkar, Justin"]
[Black "Navalgund, Niranjan"]
[WhiteFideId "2010011"]
[BlackFideId "5030854"]
[WhiteElo "2038"]
[BlackElo "2290"]
[Result "0-1"]
[Round "10"]
[TimeControl "180+1"]
[Date "2022.02.08"]
[WhiteClock "0:00:01"]
[BlackClock "0:00:36"]

1. e4 d5 2. exd5 c6 3. dxc6 Nf6 4. cxb7 Bxb7 5. Nf3 e5 6. Nxe5 Qd5 7. Nf3 Bd6 8. Be2 O-O 9. Nc3 Qh5 10. d4 Re8 11. Ne5 Qh4 12. O-O Nbd7 13. Bf3 Nxe5 14. dxe5 Bxe5 15. h3 Rad8 16. Bxb7 Rxd1 17. Nxd1 Bd4 18. Be3 h6 19. c3 Bxe3 20. Nxe3 Nh5 21. Bf3 Nf4 22. Rfd1 Qg5 23. Kf1 Qb5+ 24. c4 Qxb2 25. c5 Nd3 26. Rxd3 Qxa1+ 27. Rd1 Qxa2 28. c6 Qa5 29. Kg1 Qb6 30. Rd7 Rc8 31. Rb7 Qc5 32. Bd5 Rf8 33. c7 Kh7 34. Rb8 Qc1+ 35. Nf1 Qxc7 36. Rxf8 Qd6 0-1


[Site "https://www.chess.com"]

[Event "Early Titled Tuesday Blitz | February 8 2022"]
[White "Seo, Jung Min"]
[Black "Martirosyan, Haik M."]
[WhiteFideId "1734687"]
[BlackFideId "13306553"]
[WhiteElo "2401"]
[BlackElo "2735"]
[Result "0-1"]
[Round "10"]
[TimeControl "180+1"]
[Date "2022.02.08"]
[WhiteClock "0:01:08"]
[BlackClock "0:01:18"]

1. d4 Nf6 2. c4 e6 3. Nf3 b6 4. g3 Ba6 5. b3 Bb4+ 6. Bd2 Be7 7. Bg2 d5 8. O-O O-O 9. Ne5 c6 10. Bc3 Nfd7 11. Nxd7 Nxd7 12. Nd2 f5 13. Re1 Bd6 14. f3 f4 15. Nf1 Qg5 16. cxd5 cxd5 17. Bd2 Qf6 18. e3 Bxf1 19. Rxf1 fxg3 20. f4 gxh2+ 21. Kxh2 g5 22. Rc1 gxf4 23. exf4 Kh8 24. Rc6 Qe7 25. Qg4 Rf6 26. Rf3 Rg8 27. Qh5 Rf5 28. Qh3 Nf6 29. Rg3 Rh5 0-1


[Site "https://www.chess.com"]

[Event "Early Titled Tuesday Blitz | February 8 2022"]
[White "Sharapov, Evgeny"]
[Black "Barp, Alberto"]
[WhiteFideId "14103133"]
[BlackFideId "872555"]
[WhiteElo "2367"]
[BlackElo "2229"]
[Result "0-1"]
[Round "10"]
[TimeControl "180+1"]
[Date "2022.02.08"]
[WhiteClock "0:00:53"]
[BlackClock "0:01:17"]

1. e4 c6 2. d4 d5 3. Nc3 dxe4 4. Nxe4 Bf5 5. Ng3 Bg6 6. h4 h6 7. Nf3 Nd7 8. h5 Bh7 9. Bd3 Bxd3 10. Qxd3 e6 11. Bd2 Ngf6 12. O-O-O Bd6 13. Ne4 Nxe4 14. Qxe4 Nf6 15. Qe2 Bc7 16. Kb1 Qd5 17. c4 Qe4+ 18. Qxe4 Nxe4 19. Be3 f5 20. Nd2 Nf6 21. f3 O-O-O 22. Nb3 Rhe8 23. Bf2 b6 24. Bh4 Rd7 25. Bxf6 gxf6 26. g4 fxg4 27. fxg4 Rg7 28. Rhg1 Bd8 29. d5 exd5 30. cxd5 c5 31. Nd2 Reg8 32. Ne4 Rxg4 33. Rxg4 Rxg4 34. Nd6+ Kd7 35. Nf7 Rh4 36. Rg1 Rxh5 37. Rg7 Be7 38. Rh7 Rxd5 39. Nxh6 Rh5 0-1


[Site "https://www.chess.com"]

[Event "Early Titled Tuesday Blitz | February 8 2022"]
[White "Sharavdorj, Dashzegve"]
[Black "Goltseva, Ekaterina"]
[WhiteFideId "4900340"]
[BlackFideId "24173770"]
[WhiteElo "2366"]
[BlackElo "2140"]
[Result "0-1"]
[Round "10"]
[TimeControl "180+1"]
[Date "2022.02.08"]
[WhiteClock "0:00:19"]
[BlackClock "0:00:29"]

1. d4 Nf6 2. c4 e6 3. Nf3 d5 4. Nc3 dxc4 5. e4 b5 6. e5 Nd5 7. Nxb5 Nb6 8. Be3 Nc6 9. Be2 Bb7 10. O-O Be7 11. Nc3 O-O 12. Rc1 Rb8 13. Na4 Na5 14. Nxb6 cxb6 15. Nd2 b5 16. Bf3 Bd5 17. Be4 f5 18. exf6 Bxf6 19. Qg4 Nc6 20. Rcd1 Rb7 21. Nf3 Bxe4 22. Qxe4 Qd5 23. Qg4 b4 24. h4 Rd7 25. h5 Qf5 26. Qg3 Kh8 27. h6 gxh6 28. Ne5 Nxe5 29. dxe5 Bxe5 30. Qh4 Rg7 31. Bxh6 Rxg2+ 32. Kxg2 Qf3+ 33. Kg1 Rg8+ 34. Bg5 Bf6 35. Kh2 Rxg5 36. Rd7 Qg2# 0-1


[Site "https://www.chess.com"]

[Event "Early Titled Tuesday Blitz | February 8 2022"]
[White "Shevchenko, Kirill"]
[Black "Sarana, Alexey"]
[WhiteFideId "14129574"]
[BlackFideId "24133795"]
[WhiteElo "2624"]
[BlackElo "2665"]
[Result "1-0"]
[Round "10"]
[TimeControl "180+1"]
[Date "2022.02.08"]
[WhiteClock "0:01:36"]
[BlackClock "0:00:18"]

1. e4 c5 2. c3 d5 3. exd5 Qxd5 4. d4 Nc6 5. Nf3 Bf5 6. Be2 Nf6 7. c4 Qd6 8. d5 Ne5 9. Nc3 a6 10. O-O g6 11. Nxe5 Qxe5 12. Re1 Bg7 13. Bd3 Qd4 14. Bxf5 gxf5 15. Qa4+ Kf8 16. Be3 Qh4 17. Bxc5 Ne4 18. Nxe4 fxe4 19. Qd7 Be5 20. g3 Rg8 21. Qf5 Bd6 22. Bxd6 exd6 23. Rxe4 Qg5 24. Qxg5 Rxg5 25. Rae1 b5 26. f4 Rh5 27. b3 bxc4 28. bxc4 Rb8 29. R1e2 Rb4 30. Kg2 Ra4 31. h4 Rh6 32. f5 Rh5 33. f6 Re5 34. Rxe5 dxe5 35. c5 Rc4 36. c6 e4 37. Rb2 1-0


[Site "https://www.chess.com"]

[Event "Early Titled Tuesday Blitz | February 8 2022"]
[White "Shevtchenko, Olesya"]
[Black "Estrada Nieto, Julian"]
[WhiteFideId "24131890"]
[BlackFideId "5101018"]
[WhiteElo "2003"]
[BlackElo "2246"]
[Result "1-0"]
[Round "10"]
[TimeControl "180+1"]
[Date "2022.02.08"]
[WhiteClock "0:00:28"]
[BlackClock "0:00:02"]

1. e4 e5 2. Bc4 Nc6 3. Nc3 Nf6 4. d3 Bc5 5. f4 exf4 6. Bxf4 d6 7. Nf3 Nd4 8. Qd2 Bg4 9. Nxd4 Bxd4 10. h3 Be6 11. Bb3 O-O 12. O-O-O a5 13. Nb5 Bb6 14. a4 Bxb3 15. cxb3 c6 16. Nxd6 Nd7 17. Qc3 Nc5 18. Nf5 f6 19. Bd6 Nd7 20. Bxf8 Qxf8 21. d4 g6 22. Ne3 Qh6 23. Kb1 Re8 24. Ng4 Qg7 25. e5 f5 26. Qc4+ Kh8 27. e6 Nf8 28. Ne5 Nxe6 29. g4 Nxd4 30. Nf7+ Kg8 31. Nd6+ Kf8 32. Nxe8 Kxe8 33. Rhe1+ Kd8 34. gxf5 gxf5 35. b4 axb4 36. Qxb4 Ba7 37. Qa5+ b6 38. Rxd4+ Qxd4 39. Qxa7 Qd3+ 40. Ka1 Qd6 41. Qa8+ Kd7 42. Qe8+ Kc7 43. Re7+ 1-0


[Site "https://www.chess.com"]

[Event "Early Titled Tuesday Blitz | February 8 2022"]
[White "Shimanov, Aleksandr"]
[Black "Murzin, Volodar"]
[WhiteFideId "4198603"]
[BlackFideId "44155573"]
[WhiteElo "2636"]
[BlackElo "2585"]
[Result "1/2-1/2"]
[Round "10"]
[TimeControl "180+1"]
[Date "2022.02.08"]
[WhiteClock "0:01:23"]
[BlackClock "0:00:20"]

1. e4 c6 2. Bc4 d5 3. Bb3 dxe4 4. Qh5 g6 5. Qh4 Nf6 6. Nc3 Bg7 7. f3 e3 8. dxe3 a5 9. a3 Nbd7 10. e4 Nc5 11. Ba2 Be6 12. Bxe6 Nxe6 13. Nge2 Qb6 14. Qf2 Nd7 15. O-O Qxf2+ 16. Kxf2 a4 17. Be3 Ne5 18. Rad1 Nc4 19. Bc1 O-O 20. Rd7 Nc5 21. Rdd1 Rfd8 22. Rxd8+ Rxd8 23. Rd1 Rxd1 24. Nxd1 b5 25. Nf4 Bh6 26. Ne2 Bg7 27. Nf4 Bh6 28. Ne2 Bg7 1/2-1/2


[Site "https://www.chess.com"]

[Event "Early Titled Tuesday Blitz | February 8 2022"]
[White "Shimelkov, Vasiliy"]
[Black "Osmak, Yuliia"]
[WhiteFideId "13701630"]
[BlackFideId "14101602"]
[WhiteElo "2073"]
[BlackElo "2302"]
[Result "1-0"]
[Round "10"]
[TimeControl "180+1"]
[Date "2022.02.08"]
[WhiteClock "0:00:23"]
[BlackClock "0:00:32"]

1. d4 d6 2. Nf3 Bg4 3. c4 Bxf3 4. exf3 c6 5. Be2 e6 6. Be3 d5 7. O-O Nf6 8. c5 Nbd7 9. b4 Be7 10. a4 e5 11. dxe5 Nxe5 12. Bd4 Ng6 13. Qd2 O-O 14. Nc3 Nd7 15. f4 Bf6 16. g3 Re8 17. Bf3 Ngf8 18. f5 Ne5 19. Bg2 Nfd7 20. Rfe1 Nc4 21. Qf4 Bxd4 22. Qxd4 Qf6 23. Qxf6 Nxf6 24. b5 Nd7 25. bxc6 bxc6 26. Nxd5 cxd5 27. Bxd5 Nce5 28. Bxa8 Rxa8 29. Re3 Rc8 30. Rc1 f6 31. c6 Rxc6 32. Rxc6 Nxc6 33. Re8+ Kf7 34. Rc8 Nd4 35. Rc7 Ke7 36. Rxa7 Nxf5 37. a5 Nd4 38. a6 Nc6 39. Rc7 Kd6 40. a7 Nb6 41. Rxg7 h5 42. Rb7 Na8 43. Rb8 Nc7 44. a8=Q Nxa8 45. Rxa8 Ne5 46. Rh8 h4 47. f4 Ng6 48. Rh6 1-0


[Site "https://www.chess.com"]

[Event "Early Titled Tuesday Blitz | February 8 2022"]
[White "Shton, Roman"]
[Black "Hamley, Ryan"]
[WhiteFideId "14137461"]
[BlackFideId "30959497"]
[WhiteElo "2038"]
[BlackElo "2473"]
[Result "0-1"]
[Round "10"]
[TimeControl "180+1"]
[Date "2022.02.08"]
[WhiteClock "0:00:10"]
[BlackClock "0:00:08"]

1. d4 g6 2. e4 Bg7 3. Nf3 c6 4. c3 d6 5. Bc4 Nf6 6. Qe2 O-O 7. e5 dxe5 8. dxe5 Nd5 9. O-O b5 10. Bb3 h6 11. a4 b4 12. Rd1 Qc7 13. c4 Nb6 14. a5 N6d7 15. e6 Nc5 16. exf7+ Rxf7 17. Bc2 Bf5 18. Be3 Nbd7 19. Bd4 e5 20. Bxf5 gxf5 21. Be3 f4 22. Bxc5 Nxc5 23. Nbd2 e4 24. Nxe4 Re7 25. Nfd2 Rae8 26. f3 Bxb2 27. Rab1 Bc3 28. Qf2 Nd3 29. Qh4 Rg7 30. Nf1 Rxe4 31. Rxd3 Re2 32. g3 fxg3 33. Nxg3 Kh7 34. Rf1 Qe7 35. Qxe7 Rexe7 36. Kf2 Rgf7 37. Rfd1 Kg6 38. Rd6+ Rf6 39. Rxf6+ Kxf6 40. Ne4+ Kf5 41. Nxc3 bxc3 42. Rc1 Re5 43. Rxc3 Rxa5 44. Rb3 Ra4 45. Rb7 Kf4 46. Rf7+ Kg5 47. Rc7 Rxc4 48. Rxa7 h5 49. Kg3 h4+ 50. Kh3 Rc3 51. Kg2 c5 52. Rc7 c4 53. Rc5+ Kf4 54. Rc8 Rc2+ 55. Kh3 Kxf3 56. Rf8+ Ke4 57. Re8+ Kd3 58. Rd8+ Kc3 59. Rh8 Rd2 60. Rxh4 Rd3+ 61. Kg2 Kb3 62. Rh8 c3 63. Rb8+ Kc2 64. h4 Kd2 65. h5 c2 66. Rc8 c1=Q 67. Rxc1 Kxc1 68. h6 Rd6 69. h7 Rh6 70. h8=Q Rxh8 71. Kf2 Re8 0-1


[Site "https://www.chess.com"]

[Event "Early Titled Tuesday Blitz | February 8 2022"]
[White "Shubenkova, Veronika"]
[Black "Qashashvili, Alexandre"]
[WhiteFideId "44124040"]
[BlackFideId "13600842"]
[WhiteElo "1938"]
[BlackElo "2316"]
[Result "1-0"]
[Round "10"]
[TimeControl "180+1"]
[Date "2022.02.08"]
[WhiteClock "0:02:11"]
[BlackClock "0:01:45"]

1. d4 d5 2. e3 c6 3. f4 Bf5 4. Nf3 e6 5. Bd3 Bxd3 6. Qxd3 Nf6 7. Nbd2 Nbd7 8. O-O Bd6 9. Ne5 O-O 10. Rf3 h6 11. Rh3 c5 12. c3 c4 13. Qe2 Ne4 14. Nxe4 dxe4 15. Nxc4 Nb6 16. Nxd6 Qxd6 17. g4 f5 18. Rg3 Kh7 19. g5 g6 20. gxh6 Kxh6 21. b3 Rh8 22. c4 Nd7 23. d5 exd5 24. Bb2 Nf6 25. Be5 Qe6 26. cxd5 Qf7 27. Qb2 Rhf8 28. Rc1 Rae8 29. Rc7 Re7 30. Rh3+ Kg7 31. Bxf6+ Qxf6 32. Rxe7+ Rf7 33. Rxf7+ Kxf7 34. Rh7+ Qg7 35. Qxg7+ 1-0


[Site "https://www.chess.com"]

[Event "Early Titled Tuesday Blitz | February 8 2022"]
[White "Sovetbekova, Nurai"]
[Black "Hartikainen, Jarmo"]
[WhiteFideId "13801910"]
[BlackFideId "503134"]
[WhiteElo "1545"]
[BlackElo "2097"]
[Result "0-1"]
[Round "10"]
[TimeControl "180+1"]
[Date "2022.02.08"]
[WhiteClock "0:00:01"]
[BlackClock "0:00:21"]

1. d4 Nf6 2. c4 g6 3. Nf3 d5 4. g3 Bg7 5. Bg2 O-O 6. cxd5 Nxd5 7. O-O Nb6 8. Nc3 Nc6 9. d5 Na5 10. e4 Nac4 11. Qd3 Bg4 12. b3 Bxf3 13. bxc4 Bxg2 14. Kxg2 c6 15. Be3 cxd5 16. cxd5 Rc8 17. Bd4 Bxd4 18. Qxd4 Rc4 19. Qd3 e6 20. Rfd1 exd5 21. Nxd5 Rc8 22. Qb3 Nxd5 23. Rxd5 Qc7 24. Rad1 Qc6 25. R1d2 b6 26. f3 a5 27. Rd6 Qc3 28. Qxc3 Rxc3 29. Rxb6 Rfc8 30. Rbd6 Rc2 31. Kf2 Rxd2+ 32. Rxd2 Rc4 33. Ke3 Kf8 34. Kd3 Ra4 35. Kc3 Ra3+ 36. Kb2 Rxf3 37. Rd5 a4 38. Rd4 Rf2+ 39. Ka3 Rxh2 40. Rxa4 Rg2 41. Kb4 Rxg3 42. Ra8+ Ke7 43. a4 h5 44. Rh8 Re3 45. a5 Rxe4+ 46. Kb5 Re5+ 47. Kb6 Re6+ 48. Kb7 Re4 49. a6 Ra4 50. a7 Kf6 51. Rc8 Rxa7+ 52. Kxa7 g5 53. Kb6 g4 54. Rg8 Kf5 55. Kc5 h4 56. Kd4 Kf4 57. Kd3 h3 58. Ke2 h2 59. Rh8 Kg3 60. Kf1 f5 61. Rh5 f4 62. Rh6 f3 63. Ke1 Kg2 64. Rf6 h1=Q+ 65. Kd2 f2 0-1


[Site "https://www.chess.com"]

[Event "Early Titled Tuesday Blitz | February 8 2022"]
[White "Srebrnic, Marko"]
[Black "Terletsky, Oleg"]
[WhiteFideId "14603616"]
[BlackFideId "14116774"]
[WhiteElo "2340"]
[BlackElo "2050"]
[Result "0-1"]
[Round "10"]
[TimeControl "180+1"]
[Date "2022.02.08"]
[WhiteClock "0:01:38"]
[BlackClock "0:00:26"]

1. e4 c6 2. d4 d5 3. f3 Nf6 4. Nc3 e6 5. Bf4 Bb4 6. Qd3 O-O 7. Ne2 b6 8. O-O-O Ba6 9. Qe3 Nbd7 10. e5 Ne8 11. h4 c5 12. h5 Rc8 13. Rh3 cxd4 14. Rxd4 Bc5 15. Rg3 Bxd4 16. Nxd4 Bxf1 17. Bh6 Qh4 18. Rh3 Qe7 19. Rg3 Kh8 20. Nxd5 exd5 21. Nf5 Qxe5 22. Qxe5 Nxe5 23. Nxg7 Rg8 24. Bf4 Nxg7 25. Bxe5 h6 0-1


[Site "https://www.chess.com"]

[Event "Early Titled Tuesday Blitz | February 8 2022"]
[White "Srihari L R"]
[Black "Fier, Alexandr"]
[WhiteFideId "46617116"]
[BlackFideId "2107139"]
[WhiteElo "2121"]
[BlackElo "2569"]
[Result "1-0"]
[Round "10"]
[TimeControl "180+1"]
[Date "2022.02.08"]
[WhiteClock "0:00:05"]
[BlackClock "0:00:08"]

1. d4 Nf6 2. c4 c5 3. Nf3 cxd4 4. Nxd4 Nc6 5. Nc3 e6 6. g3 Qb6 7. Nb3 Ne5 8. Bg2 Nxc4 9. e4 d6 10. Qe2 Ne5 11. Be3 Qd8 12. h3 Bd7 13. O-O Rc8 14. Rac1 Be7 15. Nb5 a6 16. Rxc8 Bxc8 17. N5d4 O-O 18. f4 Nc6 19. Nxc6 bxc6 20. Nd4 Bd7 21. Qxa6 Qa8 22. Qxa8 Rxa8 23. a3 d5 24. e5 Ne8 25. Nb3 Rb8 26. Nc5 Bxc5 27. Bxc5 Rxb2 28. Ra1 Nc7 29. Bf1 Bc8 30. Rc1 Rb3 31. Bd6 Ne8 32. Rxc6 Bb7 33. Rc1 Rxg3+ 34. Kf2 Rb3 35. a4 f6 36. a5 d4 37. a6 Bd5 38. Rc8 Kf7 39. a7 Rb2+ 40. Kg3 g5 41. fxg5 fxe5 42. Bxe5 Ra2 43. Bb5 Kg6 44. Bxe8+ Kxg5 45. h4+ Kf5 46. Bxd4 e5 47. Bd7+ Kf6 48. Bc5 Rg2+ 49. Kh3 Rd2 50. Rf8+ Kg7 51. Rf2 Rd3+ 52. Kh2 Rc3 53. Bf8+ Kg8 54. Bh6 Rf3 55. Be6+ Kh8 56. Rb2 Bxe6 57. Rb8+ Bg8 58. a8=Q Rh3+ 59. Kxh3 e4 60. Qa1# 1-0


[Site "https://www.chess.com"]

[Event "Early Titled Tuesday Blitz | February 8 2022"]
[White "Stanisz, Patryk"]
[Black "Odegov, Artem"]
[WhiteFideId "1123106"]
[BlackFideId "34183644"]
[WhiteElo "1876"]
[BlackElo "2277"]
[Result "0-1"]
[Round "10"]
[TimeControl "180+1"]
[Date "2022.02.08"]
[WhiteClock "0:00:01"]
[BlackClock "0:00:57"]

1. Nf3 d5 2. c4 c6 3. b3 Bg4 4. e3 Nf6 5. Bb2 e6 6. h3 Bh5 7. Be2 Be7 8. O-O O-O 9. d3 Nbd7 10. Nbd2 Qc7 11. Qc2 Rad8 12. e4 dxe4 13. dxe4 Bb4 14. e5 Bxd2 15. exf6 Nxf6 16. Bxf6 gxf6 17. Nxd2 Bxe2 18. Rfe1 Bd3 19. Qc3 e5 20. Nf3 Rd7 21. Rad1 Rfd8 22. Nh4 Bg6 23. Qf3 f5 24. Rxd7 Rxd7 25. Nxf5 Qa5 26. Nh6+ Kg7 27. Qe3 Rd3 28. Qc1 f5 29. Rf1 Qd2 30. Qa3 Kxh6 31. Qf8+ Kh5 32. Qf6 Qg5 33. Qxe5 f4 34. Qe2+ f3 35. g4+ Kh4 36. Qe6 Kxh3 37. Re1 Qxg4+ 38. Qxg4+ Kxg4 39. Kh2 Rd2 40. Rf1 Bd3 41. Rg1+ Kf4 42. Kh3 Rxf2 43. Rg4+ Kf5 44. Rg3 Be4 45. c5 Rg2 0-1


[Site "https://www.chess.com"]

[Event "Early Titled Tuesday Blitz | February 8 2022"]
[White "Szpar, Milosz"]
[Black "Lazavik, Denis"]
[WhiteFideId "1184989"]
[BlackFideId "13515110"]
[WhiteElo "2447"]
[BlackElo "2436"]
[Result "0-1"]
[Round "10"]
[TimeControl "180+1"]
[Date "2022.02.08"]
[WhiteClock "0:00:12"]
[BlackClock "0:01:29"]

1. e4 e5 2. Nf3 Nc6 3. Bb5 a6 4. Ba4 Nf6 5. O-O Be7 6. d3 b5 7. Bb3 d6 8. c3 O-O 9. Re1 Na5 10. Bc2 c5 11. h3 Nc6 12. a4 b4 13. Nbd2 h6 14. Nc4 Be6 15. Bb3 Rb8 16. Bd2 Rb7 17. a5 Qc7 18. Be3 Rfb8 19. Nfd2 d5 20. exd5 Nxd5 21. Qc2 bxc3 22. bxc3 Nd4 23. Bxd4 exd4 24. cxd4 cxd4 25. Ba4 Nc3 26. Nb6 Bb4 27. Ndc4 Bxa5 28. Nxa5 Rxb6 29. Qc1 Rb1 30. Rxb1 Rxb1 31. Qxb1 Nxb1 32. Rxb1 0-1


[Site "https://www.chess.com"]

[Event "Early Titled Tuesday Blitz | February 8 2022"]
[White "Tarasova, Viktoriya"]
[Black "Politov, Pavel Y."]
[WhiteFideId "4175840"]
[BlackFideId "24110515"]
[WhiteElo "2182"]
[BlackElo "2090"]
[Result "0-1"]
[Round "10"]
[TimeControl "180+1"]
[Date "2022.02.08"]
[WhiteClock "0:01:46"]
[BlackClock "0:01:03"]

1. d4 d5 2. c4 dxc4 3. e4 e5 4. Nf3 exd4 5. Bxc4 Nf6 6. Nbd2 Nc6 7. O-O Be7 8. Qb3 O-O 9. e5 Ng4 10. e6 fxe6 11. Bxe6+ Kh8 12. Bxc8 Qxc8 13. Re1 Qf5 14. Nc4 Bh4 15. Rf1 Bxf2+ 16. Rxf2 Nxf2 17. Kxf2 Rae8 18. Bd2 g5 19. h3 g4 20. hxg4 Qxg4 21. Qxb7 Rxf3+ 22. gxf3 Qh4+ 23. Kf1 Qh3+ 24. Kf2 Qh2+ 25. Kf1 Qe2+ 26. Kg1 Rg8+ 0-1


[Site "https://www.chess.com"]

[Event "Early Titled Tuesday Blitz | February 8 2022"]
[White "Ter-Sahakyan, Samvel"]
[Black "Agasarov, Benik"]
[WhiteFideId "13302531"]
[BlackFideId "13314823"]
[WhiteElo "2592"]
[BlackElo "2603"]
[Result "1-0"]
[Round "10"]
[TimeControl "180+1"]
[Date "2022.02.08"]
[WhiteClock "0:00:44"]
[BlackClock "0:00:14"]

1. Nf3 d5 2. e3 Nf6 3. c4 c6 4. Nc3 a6 5. d4 b5 6. b3 Bg4 7. h3 Bxf3 8. Qxf3 e6 9. Bd2 Bb4 10. Qd1 O-O 11. a3 Bxc3 12. Bxc3 Ne4 13. Qc2 Nd7 14. Bd3 Ndf6 15. O-O Nxc3 16. Qxc3 Qd6 17. Rfc1 Rfb8 18. cxd5 cxd5 19. Qc5 Qd8 20. Qc7 Ne8 21. Qxd8 Rxd8 22. Rc6 Rac8 23. Rxa6 Rc3 24. Bxb5 Nc7 25. Ra5 Rxb3 26. Bf1 g6 27. Ra7 Ne8 28. a4 Nd6 29. a5 Rbb8 30. a6 Ra8 31. Rxa8 Rxa8 32. Bd3 Nc4 33. Bxc4 dxc4 34. Kf1 Kf8 35. Ke1 Ke7 36. Kd2 Kd6 37. e4 e5 38. Kc3 exd4+ 39. Kxd4 Kc6 40. Kxc4 Kb6 41. a7 Kb7 42. Kd4 Rd8+ 43. Ke5 Ka8 44. Ra2 Re8+ 45. Kf6 Rxe4 46. Kxf7 g5 47. Rd2 Kxa7 48. Kg7 h5 49. Kg6 g4 50. Kxh5 gxh3 51. gxh3 Kb6 52. Kg5 Re5+ 53. Kg4 Re4+ 54. f4 Kc5 55. Kg5 Re1 56. f5 Rg1+ 57. Kf6 Rh1 58. Kg7 Rxh3 59. f6 Rg3+ 60. Kf8 Rf3 61. f7 Rf4 62. Rg2 Kd6 63. Kg8 1-0


[Site "https://www.chess.com"]

[Event "Early Titled Tuesday Blitz | February 8 2022"]
[White "Timofeev, Artyom"]
[Black "Gelman, Alexander"]
[WhiteFideId "4140419"]
[BlackFideId "4118316"]
[WhiteElo "2583"]
[BlackElo "2375"]
[Result "1-0"]
[Round "10"]
[TimeControl "180+1"]
[Date "2022.02.08"]
[WhiteClock "0:01:15"]
[BlackClock "0:00:17"]

1. d4 Nf6 2. Nf3 c5 3. dxc5 e6 4. e3 Bxc5 5. b3 b6 6. Bb2 Bb7 7. Nbd2 a6 8. Be2 Be7 9. O-O Qc7 10. Nc4 d6 11. Qd4 Nbd7 12. Rfd1 d5 13. Nce5 Nc5 14. Qf4 Rc8 15. c4 O-O 16. h3 dxc4 17. Bxc4 b5 18. Be2 Nce4 19. Rac1 Qa5 20. Rxc8 Rxc8 21. Nd7 Qxa2 22. Nxf6+ Bxf6 23. Bxf6 Nxf6 24. Qc7 Rf8 25. Qxb7 Qxe2 26. Rd2 1-0


[Site "https://www.chess.com"]

[Event "Early Titled Tuesday Blitz | February 8 2022"]
[White "Tologon tegin, Semetei"]
[Black "Reprintsev, Alexander"]
[WhiteFideId "13800574"]
[BlackFideId "14100541"]
[WhiteElo "2258"]
[BlackElo "2126"]
[Result "1-0"]
[Round "10"]
[TimeControl "180+1"]
[Date "2022.02.08"]
[WhiteClock "0:01:58"]
[BlackClock "0:01:15"]

1. e4 d5 2. exd5 Qxd5 3. Nc3 Qa5 4. d4 Nf6 5. Bc4 Bg4 6. f3 Be6 7. Bxe6 fxe6 8. Ne2 Nc6 9. O-O O-O-O 10. Qe1 Nxd4 11. Nxd4 Rxd4 12. Qxe6+ Rd7 13. Be3 g6 14. Rad1 Qa6 15. Qf7 Qc6 16. Rxd7 Qxd7 17. Rd1 Qe8 18. Qe6+ Kb8 19. Nb5 a6 20. Nxc7 Kxc7 21. Bf4# 1-0


[Site "https://www.chess.com"]

[Event "Early Titled Tuesday Blitz | February 8 2022"]
[White "Tregubov, Pavel V."]
[Black "Alghamdi, Ahmed M"]
[WhiteFideId "4115341"]
[BlackFideId "21500150"]
[WhiteElo "2341"]
[BlackElo "2110"]
[Result "0-1"]
[Round "10"]
[TimeControl "180+1"]
[Date "2022.02.08"]
[WhiteClock "0:00:37"]
[BlackClock "0:00:51"]

1. e4 e5 2. Nf3 Nc6 3. Bb5 a6 4. Ba4 d6 5. d4 b5 6. Bb3 Nxd4 7. Nxd4 exd4 8. c3 Bb7 9. O-O Nf6 10. cxd4 Be7 11. e5 dxe5 12. dxe5 Ne4 13. Qg4 Qd4 14. Nd2 O-O 15. Nf3 Qb6 16. Be3 Qg6 17. Qxg6 hxg6 18. Rfd1 Rfd8 19. e6 f6 20. Rd7 Rxd7 21. exd7+ Kf8 22. Nd4 Nc5 23. Rc1 Nxb3 24. axb3 Bd6 25. Ne6+ Ke7 26. Nxc7 Rd8 27. Bb6 Rxd7 28. Re1+ Kf7 29. Ne6 Bb4 0-1


[Site "https://www.chess.com"]

[Event "Early Titled Tuesday Blitz | February 8 2022"]
[White "Triapishko, Alexandr"]
[Black "Budrewicz, Krzysztof"]
[WhiteFideId "14122286"]
[BlackFideId "1127950"]
[WhiteElo "2479"]
[BlackElo "2248"]
[Result "0-1"]
[Round "10"]
[TimeControl "180+1"]
[Date "2022.02.08"]
[WhiteClock "0:00:02"]
[BlackClock "0:00:40"]

1. d4 Nf6 2. c4 g6 3. Nc3 Bg7 4. e4 O-O 5. Nf3 d6 6. Be2 e5 7. dxe5 dxe5 8. Qxd8 Rxd8 9. Bg5 Rf8 10. Nd5 Nxd5 11. cxd5 c6 12. Bc4 cxd5 13. Bxd5 Na6 14. O-O-O Nb4 15. Be7 Nxd5 16. Bxf8 Bxf8 17. Rxd5 Be6 18. Rxe5 Bxa2 19. g4 Rc8+ 20. Kd2 Bb4+ 21. Ke3 Bc5+ 22. Nd4 Bb6 23. Rb5 Bc4 24. Rxb6 axb6 25. Rc1 Rc5 26. b4 Rc8 27. Nb5 Rc6 28. Nd4 Rc8 29. f4 Kf8 30. f5 Ke7 31. e5 Kd7 32. Rd1 Ke7 33. f6+ Ke8 34. g5 Ra8 35. Rc1 Ra3+ 36. Ke4 b5 37. h4 Rh3 38. Ra1 Rxh4+ 39. Ke3 Rh3+ 40. Kf2 Rd3 41. Ra8+ Kd7 42. Nf3 Bd5 43. Ne1 Rb3 44. Rf8 Ke6 45. Re8+ Kf5 46. Re7 Kxg5 47. Ke2 Kf5 48. Kd2 Be6 49. Nc2 Kxe5 0-1


[Site "https://www.chess.com"]